 Dungeon Crawl Stone Soup version 0.28-a0-245-g639a1a48b9 (webtiles) character file.

Game seed: 16150374536368619636

39 Colgate the Chopper (level 3, 0/29 HPs)
             Began as a Mummy Fighter on Aug 25, 2021.
             Slain by Terence (5 damage)
             ... on level 2 of the Dungeon.
             The game lasted 00:02:09 (1335 turns).

Colgate the Chopper (Mummy Fighter)                 Turns: 1335, Time: 00:02:09

Health: 0/29       AC:  6    Str: 20    XL:     3   Next: 26%
Magic:  3/3        EV:  7    Int:  7    God:
Gold:   18         SH:  7    Dex: 11    Spells: 2/2 levels left

rFire   x . .      SeeInvis .   Y - +0 war axe
rCold   + . .      Faith    .   c - +0 kite shield
rNeg    + + +      Spirit   .   b - +0 scale mail
rPois   ∞          Reflect  .   (no helmet)
rElec   .          Harm     .   (no cloak)
rCorr   .          Rampage  .   (no gloves)
Will    .....                   (no boots)
Stlth   ..........              (no amulet)
HPRegen 0.09/turn               (no ring)
MPRegen 0.08/turn               (no ring)

@: no status effects
A: cold resistance 1, negative energy resistance 3, torment resistance 2, heat
vulnerability 1, no potions
a: no special abilities


You were on level 2 of the Dungeon.
You visited 1 branch of the dungeon, and saw 2 of its levels.

You collected 18 gold pieces.


Innate Abilities, Weirdness & Mutations

You are immune to poison.
Your flesh is cold resistant. (rC+)
You are immune to negative energy. (rN+++)
You are immune to unholy pain and torment.
You are vulnerable to heat. (rF-)
You do not drink.


   Skills:
 - Level 3.0 Fighting
 + Level 3.1 Axes
 - Level 2.4 Armour
 - Level 2.4 Shields


You had 2 spell levels left.
You didn't know any spells.
Your spell library was empty.

Inventory:

Hand Weapons
 e - a +0 club
 Y - a +0 war axe (weapon)
Armour
 b - a +0 scale mail (worn)
 c - a +0 kite shield (worn)

Dungeon Overview and Level Annotations

Branches:
Dungeon (2/15)

Altars:

Annotations:
D:2 Terence


Message History

The frilled lizard bites you but does no damage.
You barely miss Terence.
Terence is lightly wounded.
You closely miss the frilled lizard.
Terence hits you with a +1 flail of protection.
The frilled lizard barely misses you.
The kobold throws a stone.
The stone hits you but does no damage. Terence barely misses you.
You closely miss Terence.
Terence is lightly wounded.
You closely miss the frilled lizard.
The frilled lizard hisses.
The frilled lizard barely misses you.
Terence hits you with a +1 flail of protection.
The frilled lizard barely misses you.
The kobold throws a stone.
The stone barely misses you.
You hit Terence but do no damage.
Terence is lightly wounded.
You barely miss the frilled lizard. You block Terence's attack.
The frilled lizard bites you.
The kobold throws a stone.
The stone hits you but does no damage. You block Terence's attack.
The frilled lizard barely misses you.
You closely miss Terence.
Terence is lightly wounded.
You barely miss the frilled lizard. Terence barely misses you.
You block the frilled lizard's attack.
You hit Terence.
Terence is lightly wounded.
You barely miss the kobold. You barely miss the frilled lizard.
Terence barely misses you. The frilled lizard barely misses you.
The kobold hits you with a +0 dagger.
Terence hits you with a +1 flail of protection!
The frilled lizard barely misses you.
A frilled lizard comes into view.
You closely miss Terence.
Terence is lightly wounded.
You closely miss the kobold. You barely miss the frilled lizard.
The frilled lizard hisses angrily.
The kobold hits you with a +0 dagger.
Terence hits you with a +1 flail of protection.
You die...

.........#.#######.#
###.#.##.#.# ##.##
....#......# #...#
########.### #...# #.#
#<..# #.# #...# # #!##
#...# #####
#..#######...###l ....#
##......@@K......
.##.#####.......l.......
........................
.##.##.##....####...##..
###.##.##.##.# ...# .
....##....##.# ...#
######.#####.# ..... #..
..# ...## #.#


You could see Terence, a kobold and 2 frilled lizards.

Vanquished Creatures
  2 adders (D:2)
  A dart slug (D:1)
  4 endoplasms (D:2)
  A giant cockroach (D:1)
  2 goblins (D:1)
  4 hobgoblins
  A ball python (D:1)
  2 rats (D:1)
17 creatures vanquished.

Vanquished Creatures (others)
  An endoplasm (D:1)
1 creature vanquished.

Grand Total: 18 creatures vanquished

Notes
Turn   | Place    | Note
-------+----------+-------------------------------------------
     0 | D:1      | Colgate the Mummy Fighter began the quest for the Orb.
     0 | D:1      | Reached XP level 1. HP: 18/18 MP: 1/1
     0 | D:1      | 0 ||| counter = 105
   390 | D:1      | Reached XP level 2. HP: 24/24 MP: 2/2
   409 | D:1      | Found a faded altar of an unknown god.
  1000 | D:1      | 1000 ||| READING scroll labelled SAUMIP MOFO.
  1001 | D:1      | 1001 ||| READING scroll labelled AGODETIUTT.
  1002 | D:1      | 1002 ||| READING scroll labelled GIJARE XUTOUR.
  1003 | D:1      | 1003 ||| READING scroll labelled SAPOLUM HIBOS.
  1220 | D:2      | Reached skill level 3 in Axes
  1220 | D:2      | Reached XP level 3. HP: 29/29 MP: 3/3
  1293 | D:2      | Noticed Terence
  1334 | D:2      | HP: 6/29 [Terence (7)]
  1335 | D:2      | Slain by Terence

Levels and vault maps discovered:
D:1:      minmay_arrival_wavy_path, layout_loops_corners,
          basic_ecumenical_altar, minmay_misc_feat_alley, lemuel_flame_loot_1
D:2:      layout_loops_cross, minmay_misc_feat_diagonals, grunt_ministairs_9,
          uniq_crazy_yiuf_cottage, uniq_terence

Skill      XL: |  1  2 |
---------------+-------+-----
Axes           | 2 3 |  3.1
Fighting       | |  3.0
Armour         | |  2.4
Shields        | |  2.4

Action                   || total
-------------------------++-------
Melee: War axe           ||    46
  Use: Scroll            ||     4
Armor: Scale mail        ||    10
Dodge: Dodged            ||    20
Block: Kite shield       ||    21

Table legend:
 A = Non-vault XP
 B = Vault XP
 C = Vault XP percentage of total XP
 D = Non-vault monster count
 E = Vault monster count
 F = Vault count percentage of total count
                 A         B        C        D         E       F
            +---------+---------+-------+---------+---------+-------
      Total |      41 |      15 |  26.8 |      15 |       2 |  11.8
            +---------+---------+-------+---------+---------+-------
        D:1 |      19 |       0 |   0.0 |      10 |       0 |   0.0
        D:2 |      22 |      15 |  40.5 |       5 |       2 |  28.6
            +---------+---------+-------+---------+---------+-------
